AoeStats
← TIMVP

Black Forest

509450908Analyzed
3v3 RM · 5d ago on Sep 26, 2026· 85m 20s· 6 players
Game mode
Random Map
Map size
Normal (6 player)
Population
200
Speed
Normal
Resources
Standard
Victory
Conquest
Starting age
Dark Age
Ending age
Imperial Age
RankedLock teamsTeams togetherTeam positionsShared explorationLock speedFull tech treeHidden civsTurbo modeCheats
Victory
Defeat
🇻🇪 Shu · Venezuela
881
+11
🇵🇪 Britons · Peru
771
+16
🇵🇪 Poles · Peru
761
+16
🇬🇧 Cumans · United Kingdom
782
-15
🇩🇪 Khmer · Germany
763
-14
🇩🇪 Dravidians · Germany
761
-14
Bummo
0:33 Loom
11:21 Feudal Age
14:27 Wheelbarrow
14:01 Horse Collar
14:31 Stone Mining
14:41 Double-Bit Axe
22:39 Castle Age
21:23 Scale Mail Armor
21:44 Gold Mining
24:09 Chain Mail Armor
24:05 Forging
24:02 Heavy Plow
24:16 Bow Saw
25:14 Squires
26:17 Hand Cart
26:01 Fletching
27:04 Gold Shaft Mining
27:42 Scale Barding Armor
28:49 Chain Barding Armor
30:26 Iron Casting
30:30 Steppe Husbandry
30:56 Caravan
33:18 Ballistics
35:52 Imperial Age
35:18 Bodkin Arrow
36:09 Padded Archer Armor
36:11 Elite Kipchak
38:27 Blast Furnace
38:01 Conscription
37:09 Onager
39:10 Plate Mail Armor
39:17 Plate Barding Armor
41:18 Pikeman
42:38 Leather Archer Armor
48:31 Siege Onager
51:23 Chemistry
54:01 Hoardings
jOSOPEID
14:55 Feudal Age
15:57 Double-Bit Axe
15:56 Horse Collar
22:04 Castle Age
24:30 Caravan
30:20 Imperial Age
33:49 Elite Urumi Swordsman
IRAMODE
11:13 Feudal Age
20:00 Castle Age
17:54 Double-Bit Axe
17:52 Horse Collar
18:35 Gold Mining
19:04 Stone Mining
24:30 Wheelbarrow
23:41 Loom
26:26 Bow Saw
30:16 Gold Shaft Mining
33:35 Crossbowman
38:11 Padded Archer Armor
38:01 Fletching
40:49 Hand Cart
40:43 Bodkin Arrow
41:03 Leather Archer Armor
50:43 Imperial Age
Osuna30
5:05 Loom
11:53 Feudal Age
12:20 Double-Bit Axe
19:37 Castle Age
17:34 Horse Collar
18:38 Fletching
18:48 Gold Mining
19:22 Padded Archer Armor
20:39 Stone Mining
25:19 Town Watch
29:05 Imperial Age
27:25 Wheelbarrow
29:37 Bow Saw
30:11 Conscription
30:44 Gold Shaft Mining
30:53 Scale Barding Armor
31:18 Murder Holes
33:26 Chemistry
33:02 Hand Cart
34:14 Chain Barding Armor
34:53 Heavy Plow
36:24 Siege Engineers
37:30 Treadmill Crane
38:01 Masonry
39:48 Husbandry
40:32 Forging
40:11 Heavy Hei Guang Cavalry
40:43 Light Cavalry
41:27 Bodkin Arrow
41:55 Ballistics
42:08 Bolt Magazine
43:31 Two-Man Saw
43:17 Plate Barding Armor
44:09 Leather Archer Armor
59:52 Architecture
65:38 Fervor
78:08 Spies/Treason
A†ilA
0:48 Loom
13:31 Feudal Age
14:39 Horse Collar
14:47 Double-Bit Axe
16:09 Wheelbarrow
21:51 Castle Age
23:54 Hand Cart
27:45 Imperial Age
30:33 Conscription
33:27 Pikeman
36:27 Heavy Mounted Crossbowman
39:43 Elite Skirmisher
45:19 Squires
48:10 Szlachta Privileges
48:29 Lechitic Legacy
48:43 Forging
54:05 Iron Casting
53:31 Scale Mail Armor
53:31 Padded Archer Armor
53:21 Fletching
53:37 Scale Barding Armor
TIMVP
0:31 Loom
12:10 Feudal Age
13:26 Wheelbarrow
12:37 Double-Bit Axe
21:34 Castle Age
22:42 Hand Cart
22:31 Padded Archer Armor
25:45 Horse Collar
34:30 Imperial Age
32:59 Leather Archer Armor
32:35 Fletching
34:15 Gold Mining
34:58 Scale Mail Armor
34:56 Bodkin Arrow
36:34 Bracer
37:50 Ring Archer Armor
39:42 Yeomen
40:44 Elite Longbowman
50:37 Warwolf
66:22 Hoardings
66:08 Conscription
65:20 Sappers
65:53 Scale Mail Armor
65:59 Scale Barding Armor
66:05 Forging
65:52 Town Watch
66:22 Masonry
65:52 Treadmill Crane
66:02 Heated Shot
66:33 Ballistics
67:14 Chemistry
65:59 Arrowslits
66:05 Guard Tower
66:25 Fortified Wall
66:10 Murder Holes
66:27 Clinker Construction
66:38 Shipwright
66:24 Siphons
66:30 Careening
66:10 Loom
66:28 Heavy Plow
66:34 Caravan
67:05 Coinage
77:54 Architecture
77:29 Siege Engineers
77:45 Dry Dock
77:46 Carvel Hull
78:02 Keep
78:00 Banking
77:40 Guilds
Connection lost

Rejoining the realm…

Still unreachable

The connection could not be restored.

Session expired

The server has moved on; the page needs a fresh start.